AoeStats
← Hamza Khan

Black Forest

507975961Analyzed
4v4 RM · 13d ago on Sep 20, 2026· 76m 13s· 8 players
Game mode
Random Map
Map size
Large (8 player)
Population
200
Speed
Normal
Resources
Standard
Victory
Conquest
Starting age
Dark Age
Ending age
Imperial Age
RankedLock teamsTeams togetherTeam positionsShared explorationLock speedFull tech treeHidden civsTurbo modeCheats
Victory
Defeat
🇨🇭 Tupi · Switzerland
968
+11
🇨🇷 Burmese · Costa Rica
938
+12
🇪🇸 Persians · Spain
925
+12
🇸🇪 Burgundians · Sweden
902
+13
🇩🇪 Persians · Germany
854
-12
🇹🇷 Saracens · Türkiye
848
-12
🇬🇷 Khmer · Greece
835
-12
833
-12
xZeyyy
10:46 Feudal Age
11:13 Double-Bit Axe
18:08 Castle Age
17:21 Wheelbarrow
16:36 Horse Collar
17:32 Stone Mining
20:10 Bow Saw
25:42 Hand Cart
31:06 Imperial Age
29:18 Husbandry
30:20 Forging
30:15 Scale Barding Armor
30:24 Bloodlines
30:59 Gold Mining
31:51 Iron Casting
30:50 Cavalier
32:50 Savar
35:16 Conscription
38:44 Heavy Scorpion
41:28 Blast Furnace
40:49 Chain Barding Armor
40:45 Fletching
40:56 Padded Archer Armor
42:17 Heavy Cavalry Archer
43:23 Parthian Tactics
44:45 Bodkin Arrow
45:26 Plate Barding Armor
45:33 Kamandaran
48:31 Light Cavalry
49:53 Hussar
57:01 Crossbowman
57:47 Thumb Ring
58:09 Pikeman
58:50 Squires
58:38 Halberdier
ПашаВеслоАгАним
0:34 Loom
15:30 Feudal Age
16:44 Double-Bit Axe
16:42 Horse Collar
18:12 Wheelbarrow
23:07 Castle Age
37:48 Fortified Wall
39:58 Gold Mining
43:08 Fletching
48:03 Imperial Age
46:00 Ballistics
47:59 Bodkin Arrow
53:26 Bracer
55:05 Yeomen
57:13 Chemistry
57:23 Padded Archer Armor
64:23 Leather Archer Armor
fbaha
0:32 Loom
13:39 Feudal Age
14:05 Double-Bit Axe
14:02 Horse Collar
16:00 Gold Mining
16:40 Stone Mining
17:57 Wheelbarrow
23:01 Castle Age
23:43 Heavy Plow
23:56 Bow Saw
25:13 Gold Shaft Mining
25:32 Fervor
27:07 Hand Cart
27:54 Treadmill Crane
30:54 Scale Barding Armor
30:50 Scale Mail Armor
31:00 Forging
31:48 Murder Holes
32:16 Ballistics
33:14 Husbandry
34:05 Chain Barding Armor
34:00 Chain Mail Armor
34:20 Iron Casting
34:23 Fortified Wall
38:38 Imperial Age
37:20 Iron Casting
36:47 Caravan
39:42 Conscription
38:43 Elite Mameluke
40:25 Chemistry
40:07 Plate Barding Armor
40:02 Plate Mail Armor
40:32 Blast Furnace
39:55 Town Watch
40:52 Town Patrol
47:06 Elite Skirmisher
47:47 Fletching
47:57 Padded Archer Armor
49:33 Bodkin Arrow
49:53 Leather Archer Armor
51:32 Bracer
52:02 Ring Archer Armor
59:54 Two-Man Saw
61:00 Counterweights
jim
1:43 Loom
13:39 Feudal Age
14:32 Double-Bit Axe
14:56 Gold Mining
14:51 Horse Collar
16:35 Stone Mining
21:43 Castle Age
21:02 Scale Mail Armor
20:53 Fletching
22:44 Bow Saw
22:49 Heavy Plow
24:18 Wheelbarrow
24:34 Gold Shaft Mining
26:45 Husbandry
28:10 Forging
28:40 Coinage
30:06 Caravan
31:56 Bloodlines
36:28 Imperial Age
36:37 Iron Casting
35:58 Bodkin Arrow
36:11 Scale Barding Armor
36:18 Heated Shot
37:06 Elite Battle Elephant
39:32 Crop Rotation
39:48 Hand Cart
39:19 Town Watch
41:38 Blast Furnace
40:39 Padded Archer Armor
41:35 Banking
41:51 Town Patrol
43:33 Leather Archer Armor
45:12 Chemistry
44:47 Ring Archer Armor
44:17 Elite Ballista Elephant
47:17 Tusk Swords
46:50 Sappers
50:35 Chain Barding Armor
50:16 Bracer
51:50 Sanctity
53:25 Conscription
54:30 Chemistry
53:36 Siphons
54:07 Chain Mail Armor
54:30 Plate Barding Armor
54:18 Capped Ram
56:05 Siege Ram
Hamza Khan
0:29 Loom
10:59 Double-Bit Axe
10:56 Horse Collar
13:52 Feudal Age
13:46 Wheelbarrow
15:40 Bow Saw
16:40 Heavy Plow
22:34 Castle Age
21:01 Hand Cart
21:00 Stone Mining
21:02 Gold Mining
25:05 Two-Man Saw
26:01 Gold Shaft Mining
29:21 Stone Shaft Mining
31:18 Imperial Age
28:33 Pikeman
29:13 Squires
28:58 Arson
29:19 Town Watch
31:21 Caravan
31:52 Fortified Wall
33:21 Chemistry
34:15 Conscription
34:41 Halberdier
36:44 Forging
36:34 Scale Mail Armor
36:37 Padded Archer Armor
36:44 Elite Skirmisher
38:57 Crop Rotation
42:02 Town Patrol
46:33 Burgundian Vineyards
48:25 Leather Archer Armor
48:00 Fletching
48:46 Iron Casting
48:26 Chain Mail Armor
48:00 Treadmill Crane
49:07 Onager
51:44 Scale Barding Armor
52:40 Blast Furnace
51:36 Bodkin Arrow
53:38 Elite Coustillier
55:09 Arrowslits
64:41 Chain Barding Armor
64:52 Plate Mail Armor
64:32 Bracer
66:12 Clinker Construction
65:57 Murder Holes
66:13 Masonry
65:54 Guard Tower
66:25 Bombard Tower
66:43 Plate Barding Armor
66:43 Coinage
66:23 Guilds
66:51 Sappers
67:56 Hoardings
67:46 Ballistics
67:32 Siphons
70:03 Banking
71:12 Crossbowman
71:18 Man-at-Arms
orb.blue
0:28 Loom
11:38 Feudal Age
15:09 Castle Age
14:26 Double-Bit Axe
19:35 Horse Collar
21:17 Bow Saw
21:23 Gold Mining
24:11 Padded Archer Armor
24:39 Fletching
25:46 Bodkin Arrow
27:45 Wheelbarrow
34:01 Heavy Plow
36:41 Gold Shaft Mining
35:57 Stone Mining
36:35 Leather Archer Armor
40:16 Imperial Age
38:12 Ballistics
37:32 Treadmill Crane
38:46 Hand Cart
38:56 Caravan
39:26 Arson
39:42 Squires
41:22 Curare
42:35 Chemistry
41:39 Bracer
41:50 Elite Blackwood Archer
43:11 Conscription
45:25 Ring Archer Armor
46:00 Two-Man Saw
47:52 Murder Holes
47:47 Guard Tower
47:43 Arrowslits
49:26 Caciques
49:25 Elite Ibirapema Warrior
51:04 Keep
53:33 Hoardings
61:28 Scale Mail Armor
61:39 Forging
65:53 Chain Mail Armor
67:28 Iron Casting
69:37 Plate Mail Armor
74:32 Spies/Treason
Harjeim
0:30 Loom
11:50 Feudal Age
13:51 Wheelbarrow
16:55 Castle Age
15:23 Double-Bit Axe
15:57 Horse Collar
28:48 Heavy Plow
28:41 Gold Mining
29:04 Bow Saw
29:41 Scale Barding Armor
29:46 Forging
30:12 Husbandry
31:43 Bloodlines
32:49 Gold Shaft Mining
32:09 Pikeman
36:17 Imperial Age
34:02 Hand Cart
34:02 Caravan
35:55 Iron Casting
35:41 Chain Barding Armor
35:13 Fletching
35:23 Padded Archer Armor
35:41 Stone Mining
36:16 Ballistics
35:58 Cavalier
35:58 Heavy Camel Rider
37:53 Chemistry
38:02 Blast Furnace
38:36 Stone Shaft Mining
39:03 Two-Man Saw
38:36 Crop Rotation
38:16 Kamandaran
38:37 Conscription
38:30 Scale Mail Armor
38:26 Bodkin Arrow
39:06 Plate Barding Armor
40:37 Masonry
40:23 Murder Holes
40:02 Savar
41:23 Squires
41:09 Arson
41:44 Chain Mail Armor
41:45 Leather Archer Armor
43:47 Halberdier
44:30 Heavy Camel Rider
47:15 Plate Mail Armor
53:14 Crossbowman
53:59 Thumb Ring
53:18 Light Cavalry
56:04 Hussar
62:56 Architecture
62:59 Ring Archer Armor
67:53 Elite Skirmisher
NT | Fonseca
4:43 Loom
11:13 Feudal Age
18:16 Horse Collar
24:29 Castle Age
22:50 Gold Mining
22:50 Stone Mining
25:23 Caravan
29:35 Wheelbarrow
31:56 Heavy Plow
32:29 Manipur Cavalry
36:02 Imperial Age
33:56 Hand Cart
34:18 Forging
35:03 Scale Barding Armor
36:32 Iron Casting
36:18 Chain Barding Armor
37:18 Howdah
37:39 Conscription
38:55 Blast Furnace
37:22 Elite Battle Elephant
37:23 Light Cavalry
37:24 Cavalier
38:19 Bloodlines
38:09 Husbandry
39:37 Plate Barding Armor
38:51 Cavalier
39:33 Elite Arambai
41:10 Scale Mail Armor
41:12 Pikeman
41:53 Squires
42:39 Light Cavalry
43:30 Onager
45:36 Halberdier
45:54 Hussar
53:12 Chemistry
52:32 Ballistics
52:23 Masonry
51:54 Treadmill Crane
52:19 Siege Engineers
52:11 Murder Holes
53:31 Chain Mail Armor
60:44 Plate Mail Armor
60:04 Fletching
60:14 Padded Archer Armor
60:52 Architecture
60:35 Fortified Wall
Connection lost

Rejoining the realm…

Still unreachable

The connection could not be restored.

Session expired

The server has moved on; the page needs a fresh start.